 Dungeon Crawl Stone Soup version 0.18.1-50-g88ac8fd (webtiles) character file.

525 wamma the Poker (level 7, -18/62 HPs)
             Began as a Minotaur Berserker on Sept 14, 2016.
             Was a Priest of Trog.
             Demolished by appiemonkey's ghost (26 damage)
             ... on level 4 of the Dungeon.
             The game lasted 00:12:43 (2309 turns).

wamma the Poker (Minotaur Berserker)                Turns: 2309, Time: 00:12:43

Health: -18/62     AC: 10    Str: 23    XL:     7   Next: 2%
Magic:  6/6        EV: 11    Int:  4    God:    Trog [***...]
Gold:   131        SH:  0    Dex: 10    Spells: 0 memorised, 6 levels left

rFire  . . .     SeeInvis .     g - +3 scythe (flame)
rCold  . . .     Gourm    .     u - +0 scale mail
rNeg   . . .     Faith    .     (shield currently unavailable)
rPois  .         Spirit   .     (helmet restricted)
rElec  .         Dismiss  .     d - +2 cloak
rCorr  .         Reflect  .     (no gloves)
SustAt .         Harm     .     (no boots)
MR     .....                    (no amulet)
Stlth  ..........               (no ring)
                                (no ring)

@: not resistant to hostile enchantments, extremely unstealthy
A: retaliatory headbutt, horns 2
a: Berserk, Trog's Hand, Burn Spellbooks, Renounce Religion


You were on level 4 of the Dungeon.
You worshipped Trog.
Trog was most pleased with you.
You were not hungry.

You visited 1 branch of the dungeon, and saw 4 of its levels.

You collected 131 gold pieces.

Inventory:

Hand Weapons
 a - a +1 spear
 e - a cursed -2 short sword
 g - a +3 scythe of flaming (weapon)
 h - a +3 trident
Armour
 b - a +0 animal skin
 d - a +2 cloak (worn)
 i - a +0 leather armour
 t - a +0 ring mail
 u - a +0 scale mail (worn)
Jewellery
 j - a cursed amulet of rage {unknown}
 p - an uncursed ring of ice
Scrolls
 n - 2 scrolls of immolation {unknown}
 v - a scroll of recharging {unknown}
Potions
 m - a potion of cancellation
 r - 2 potions of might
Comestibles
 c - 2 bread rations
 f - 4 chunks of flesh
 k - 2 beef jerkies
 o - a meat ration
 w - 3 fruits


   Skills:
 + Level 5.8 Fighting
 + Level 6.1 Polearms
 + Level 3.8 Armour
 + Level 4.4 Dodging
 + Level 1.3 Stealth


You had 6 spell levels left.
You didn't know any spells.

Dungeon Overview and Level Annotations

Branches:
Dungeon (4/15)
 Temple: D:4-7

Altars:
Okawaru
Qazlal
Trog

Annotations:
D:4 Duvessa; appiemonkey's ghost, novice TrFi


Innate Abilities, Weirdness & Mutations

You reflexively headbutt those who attack you in melee.
You have a pair of horns on your head.


Message History

An adder skeleton comes into view.
You slash the giant cockroach! You burn the giant cockroach.
You kill the giant cockroach!
Trog accepts your kill.
Appiemonkey's ghost ripples.
Attack whom?
Press: ? - help, Dir - move target cursor, f - appiemonkey's ghost
Aim: appiemonkey's ghost You reach to attack!
You slash appiemonkey's ghost! You burn appiemonkey's ghost.
Appiemonkey's ghost is lightly damaged.
Appiemonkey's ghost hits you!!
* * * LOW HITPOINT WARNING * * *
You are too injured to fight recklessly!
You are too injured to fight recklessly!
You are too injured to fight recklessly!
You open the large door. Appiemonkey's ghost hits you!
* * * LOW HITPOINT WARNING * * *
Appiemonkey's ghost hits you!!
You die...

###'#.......
............#
...........
..........
.........#
........?#
.........#.#+#####
#####'#.##.......#
##@#..+.......#
#..W..#.......#
#.............#
#.............#####
#.....#.#..........
#.....#'#..........
#..................
#..................
#............).....


You could see appiemonkey's ghost.

Vanquished Creatures
  Sigmund (D:2)
  Dowan (D:4)
  Ijyb (D:2)
  3 orc wizards (D:3)
  A worker ant (D:4)
  A hound skeleton (D:4)
  2 adders
  7 gnolls
  An ooze (D:1)
  An adder zombie (D:4)
  2 dart slugs
  11 orcs
  A ball python (D:1)
  7 bats
  3 giant cockroaches
  7 goblins
  5 hobgoblins
  7 kobolds
  A quokka (D:3)
  9 giant newts
  7 rats
  3 fungi (D:3)
82 creatures vanquished.

Notes
Turn   | Place    | Note
--------------------------------------------------------------
     0 | D:1      | wamma the Minotaur Berserker began the quest for the Orb.
     0 | D:1      | Reached XP level 1. HP: 19/19 MP: 0/0
   184 | D:1      | Reached XP level 2. HP: 27/27 MP: 1/1
   313 | D:1      | Reached skill level 4 in Polearms
   472 | D:1      | Reached ** piety under Trog
   518 | D:1      | Reached XP level 3. HP: 33/33 MP: 2/2
   720 | D:2      | Noticed Sigmund
   732 | D:2      | Killed Sigmund
   732 | D:2      | Reached skill level 5 in Fighting
   732 | D:2      | Reached skill level 5 in Polearms
   732 | D:2      | Reached XP level 4. HP: 35/42 MP: 3/3
   732 | D:2      | Reached XP level 5. HP: 40/48 MP: 4/4
   879 | D:2      | Found a bloodstained altar of Trog.
  1120 | D:2      | Noticed Ijyb
  1127 | D:2      | Killed Ijyb
  1127 | D:2      | Reached skill level 1 in Stealth
  1503 | D:3      | Found an iron altar of Okawaru.
  1697 | D:3      | Found a stormy altar of Qazlal.
  1761 | D:3      | Reached XP level 6. HP: 56/56 MP: 5/5
  1894 | D:3      | Reached *** piety under Trog
  2186 | D:4      | Noticed Dowan
  2194 | D:4      | Killed Dowan
  2194 | D:4      | Reached skill level 6 in Polearms
  2211 | D:4      | Noticed Duvessa
  2257 | D:4      | Reached XP level 7. HP: 25/62 MP: 6/6
  2299 | D:4      | Noticed appiemonkey's ghost (novice TrFi)
  2309 | D:4      | Demolished by appiemonkey's ghost

Skill      XL: |  1  2  3  4  5  6 |
---------------+-------------------+-----
Fighting       | 4 5 |  5.8
Polearms       | 4 5 6 |  6.1
Armour         | 3 |  3.8
Dodging        | 3 4 |  4.4
Stealth        | 1 |  1.3

Action                   |  1- 3 |  4- 6 |  7- 9 || total
-------------------------+-------+-------+-------++-------
Melee: Spear             |    53 |       |       ||    53
       Headbutt          |     9 |    14 |       ||    23
       Scythe            |       |   110 |     3 ||   113
Invok: Berserk           |       |     1 |       ||     1
  Use: Scroll            |     3 |     6 |       ||     9
       Potion            |       |     2 |       ||     2
  Eat: Bread ration      |       |     1 |       ||     1
       Chunk             |       |     1 |       ||     1
Armor: Animal skin       |    10 |     1 |       ||    11
       Leather armour    |       |    21 |       ||    21
       Scale mail        |       |    28 |     1 ||    29
       Ring mail         |       |     7 |       ||     7
Dodge: Dodged            |    34 |    99 |     2 ||   135
